 Dungeon Crawl Stone Soup version 0.24-a0-715-g0b739ee41d (webtiles) character file.

Game seed: 16588751905760905128, levelgen mode: deterministic

30 MalarOregon the Skirmisher (level 3, -3/31 HPs)
             Began as a Draconian Fighter on Sept 30, 2019.
             Slain by a howler monkey (6 damage)
             ... on level 2 of the Dungeon.
             The game lasted 00:01:13 (972 turns).

MalarOregon the Skirmisher (Draconian Fighter)       Turns: 972, Time: 00:01:14

Health: -3/31      AC:  5    Str: 23    XL:     3   Next: 5%
Magic:  3/3        EV: 10    Int:  9    God:
Gold:   39         SH:  9    Dex: 10    Spells: 3/3 levels left

rFire    . . .     SeeInvis .   a - +0 long sword
rCold    . . .     Gourm    .   b - +0 shield
rNeg     . . .     Faith    .   (armour unavailable)
rPois    .         Spirit   .   (helmet restricted)
rElec    .         Reflect  .   (no cloak)
rCorr    .         Harm     .   (no gloves)
MR       .....                  (no boots)
Stlth    +.........             (no amulet)
HPRegen  0.10/turn              (no ring)
MPRegen  0.08/turn              (no ring)

@: mighty
A: unfitting armour, cold-blooded, AC +5
a: no special abilities


You were on level 2 of the Dungeon.
You were not hungry.

You visited 1 branch of the dungeon, and saw 2 of its levels.

You collected 39 gold pieces.

Inventory:

Hand Weapons
 a - a +0 long sword (weapon)
Armour
 b - a +0 shield (worn)
Scrolls
 f - a scroll of magic mapping {unknown}
 g - 2 scrolls of remove curse {unknown}
 h - a scroll of fog {unknown}
 i - 2 scrolls of identify {unknown}
 j - a scroll of teleportation {unknown}
Comestibles
 d - a chunk of flesh
 e - 3 rations {!d}


   Skills:
 + Level 3.5 Fighting
 * Level 2.5 Long Blades
 + Level 2.8 Dodging
 * Level 3.3 Shields
 + Level 0.6 Spellcasting


You had 3 spell levels left.
You didn't know any spells.
Your spell library was empty.

Dungeon Overview and Level Annotations

Branches:
Dungeon (2/15)

Altars:


Innate Abilities, Weirdness & Mutations

Your plain brown scales are hard. (AC +5)
You cannot fit into any form of body armour.
You are cold-blooded and may be slowed by cold attacks.


Message History

Items here: ( ) †† a +0 club; 2 stones; a bat corpse; a kobold corpse You butcher the bat corpse.
d - 2 chunks of flesh (gained 1)
Items here: ( ) ÷ † a +0 club; 2 stones; a bat skeleton; a kobold corpse
Items here: ( ) ÷ † a +0 club; 2 stones; a bat skeleton; a kobold corpse Some of the chunks of flesh in your inventory have rotted away.
A howler monkey comes into view.
The howler monkey howls!
A howler monkey is nearby!
A howler monkey is nearby!
You block the howler monkey's attack. The howler monkey hits you.
You hit the howler monkey but do no damage.
You block the howler monkey's attack.
You closely miss the howler monkey.
Your tail-slap misses the howler monkey.
The howler monkey hits you.
The howler monkey hoots and howls with incredible vigour!
You hear an angry hiss.
You closely miss the howler monkey. The howler monkey hits you.
The howler monkey closely misses you.
You closely miss the howler monkey. The howler monkey misses you.
Your shield prevents you from hitting the howler monkey.
You block the howler monkey's attack.
The howler monkey hits you but does no damage.
You hit the howler monkey but do no damage.
The howler monkey closely misses you. The howler monkey hits you.
You completely miss the howler monkey.
Your tail-slap misses the howler monkey.
The howler monkey hits you!
* * * LOW HITPOINT WARNING * * *
You feel very mighty all of a sudden. You block the howler monkey's attack.
The howler monkey hits you.
* * * LOW HITPOINT WARNING * * *
You barely miss the howler monkey. You block the howler monkey's attack.
You closely miss the howler monkey. The howler monkey hits you.
* * * LOW HITPOINT WARNING * * *
The howler monkey hits you.
* * * LOW HITPOINT WARNING * * *
You closely miss the howler monkey.
The howler monkey hoots and howls with incredible vigour!
You hear an angry hiss.
You slash the howler monkey!
The howler monkey hits you but does no damage.
The howler monkey completely misses you.
You closely miss the howler monkey. You block the howler monkey's attack.
The howler monkey hits you.
You die...

###### ..... #...#
#...# #.. #...#
#.# #..h# #.#
###### #.@# #.#
#.#..... ##.#
#.###.#.##..
#.#####...#.#.##.#
#.................
#...........#.##.#
##..####..###.##.#
##......)..#.##.#
#........#.#)##.#
.#..###.##.#.##.#


You could see a howler monkey.

Vanquished Creatures
  An adder (D:2)
  A dart slug (D:2)
  A ball python (D:2)
  A giant cockroach (D:1)
  4 goblins (D:1)
  2 hobgoblins (D:1)
  3 bats
  A frilled lizard (D:1)
  4 kobolds
  2 rats (D:1)
20 creatures vanquished.

Notes
Turn   | Place    | Note
-------+----------+-------------------------------------------
     0 | D:1      | MalarOregon the Draconian Fighter began the quest for the
                  | Orb.
     0 | D:1      | Reached XP level 1. HP: 19/19 MP: 1/1
   220 | D:1      | Reached XP level 2. HP: 20/26 MP: 2/2
   773 | D:2      | Reached XP level 3. HP: 22/31 MP: 3/3
   972 | D:2      | Slain by a howler monkey

Levels and vault maps discovered:
D:1:      doesnt_arrival_eight_statues, layout_loops_ring,
          minmay_split_cup_small
D:2:      cheibrodos_helix_gallery, layout_basic,
          nicolae_overflow_crystal_walls, lemuel_coloured_pillars_altar,
          kennysheep_generic_room_2

Action                   || total
-------------------------++-------
Melee: Long sword        ||    59
       Tailslap          ||     5
  Use: Potion            ||     1
 Stab: Sleeping          ||     2
Armor: Skin              ||    19
Dodge: Dodged            ||    24
Block: Shield            ||    25
       Rpst.: Long sword ||     5

Table legend:
 A = Non-vault XP
 B = Vault XP
 C = Vault XP percentage of total XP
 D = Non-vault monster count
 E = Vault monster count
 F = Vault count percentage of total count
                 A         B        C        D         E       F
            +---------+---------+-------+---------+---------+-------
      Total |      37 |       7 |  15.9 |      16 |       4 |  20.0
            +---------+---------+-------+---------+---------+-------
        D:1 |      17 |       5 |  22.7 |      12 |       3 |  20.0
        D:2 |      20 |       2 |   9.1 |       4 |       1 |  20.0
            +---------+---------+-------+---------+---------+-------
